 Dungeon Crawl Stone Soup version 0.21.1-1-g345015fe64 (webtiles) character file.

4546 DildoBatman the Covert (level 10, -12/66 HPs)
             Began as an Octopode Wizard on June 25, 2018.
             Was a Believer of Sif Muna.
             Mangled by a shadow (20 damage)
             ... on level 8 of the Dungeon.
             The game lasted 00:45:28 (11215 turns).

DildoBatman the Covert (Octopode Wizard)           Turns: 11215, Time: 00:45:28

Health: -12/66     AC:  1    Str:  7    XL:     10   Next: 40%
Magic:  7/17       EV: 15    Int: 24    God:    Sif Muna [**....]
Gold:   416        SH:  0    Dex: 10    Spells: 11/19 levels left

rFire    . . .     SeeInvis .   a - +2 short sword (drain)
rCold    . . .     Gourm    .   (no shield)
rNeg     . . .     Faith    .   D - +0 hat
rPois    .         Spirit   .   (no amulet)
rElec    .         Reflect  .   s - ring of resist corrosion
rCorr    +         Harm     .   (no ring)
MR       .....                  (no ring)
Stlth    +++++.....             (no ring)
HPRegen  0.21/turn              (no ring)
MPRegen  0.15/turn              (no ring)
                                (no ring)
                                (no ring)

@: divine energy
A: almost no armour, stealthy swim, amphibious, 8 rings, constrict 8, camouflage
1, gelatinous body 1
a: Stop Divine Energy, Renounce Religion


You were on level 8 of the Dungeon.
You worshipped Sif Muna.
Sif Muna was pleased with you.
You were hungry.

You visited 2 branches of the dungeon, and saw 10 of its levels.

You collected 416 gold pieces.

Inventory:

Hand Weapons
 a - a +2 short sword of draining (weapon)
 l - a +4 whip
Missiles
 d - 223 stones (quivered)
 j - 2 javelins
 n - 65 arrows
 p - 12 poisoned needles
 w - 67 sling bullets
 x - 4 tomahawks
 y - 62 bolts
 B - 6 tomahawks of returning
Armour
 D - a +0 hat (worn)
Jewellery
 s - a ring of resist corrosion (left tentacle)
Wands
 m - a wand of acid (1)
 o - a wand of digging (14)
 C - a wand of random effects (10)
 G - a wand of iceblast (10)
Scrolls
 c - 2 scrolls of immolation {unknown}
 e - 2 scrolls of enchant armour
 f - a scroll of fear {unknown}
 g - 7 scrolls of teleportation
 i - 6 scrolls of enchant weapon
 k - a scroll of blinking
 r - 2 scrolls of remove curse {unknown}
 A - a scroll of fog {unknown}
 J - 3 scrolls of identify
 K - a scroll of torment {unknown}
Potions
 h - a potion of heal wounds {unknown}
 q - 4 potions of lignification {unknown}
 t - 2 potions of might {unknown}
 u - a potion of berserk rage {unknown}
 z - a potion of invisibility {unknown}
 E - 3 potions of curing {unknown}
 F - 2 potions of magic {unknown}
 I - a potion of mutation {unknown}
 L - a potion of degeneration {unknown}
Books
 b - a book of Minor Magic

   Spells                             Type                      Level
   a - Magic Dart                     Conjuration                  1
   b - Blink                          Translocation                2
   c - Call Imp                       Summoning                    2
   d - Slow                           Hexes                        2
   e - Conjure Flame                  Conjuration/Fire             3
   f - Mephitic Cloud                 Conjuration/Poison/Air       3
Comestibles
 v - 17 rations
 H - a chunk of flesh


   Skills:
 - Level 5.0 Fighting
 - Level 3.0 Short Blades
 - Level 5.0 Dodging
 - Level 10.0 Stealth
 * Level 5.0 Spellcasting
 * Level 4.0 Conjurations
 * Level 4.4 Hexes
   Level 1.0 Summonings
 * Level 1.1 Translocations
 * Level 4.0 Air Magic
 * Level 4.2 Poison Magic
 * Level 5.2 Evocations


You had 11 spell levels left.
You knew the following spells:

 Your Spells              Type           Power        Failure   Level  Hunger
a - Slow                  Hex            ####....     2%          2    None
c - Magic Dart            Conj           ####         1%          1    None
e - Mephitic Cloud        Conj/Pois/Air  ####....     4%          3    ##.....
h - Blink                 Tloc           N/A          9%          2    None


Dungeon Overview and Level Annotations

Branches:
Dungeon (9/15)             Temple (1/1) D:6
   Lair: D:8-11         Orc: D:9-12

Altars:
Ashenzari
Cheibriados
Dithmenos
Elyvilon
Fedhas
Gozag
Hepliaklqana
Kikubaaqudgha
Makhleb
Nemelex Xobeh
Okawaru
Qazlal
Ru
Sif Muna
Trog
Uskayaw
Vehumet
Wu Jian
Xom
Yredelemnul
Zin
The Shining One

Annotations:
D:6 Menkaure


Innate Abilities, Weirdness & Mutations

You cannot wear most types of armour.
You are very stealthy in the water. (Stealth+)
You are amphibious.
You can wear up to eight rings at the same time.
You can use your tentacles to constrict eight enemies at once.
Your skin changes colour to match your surroundings (Stealth+).
Your rubbery body absorbs attacks. (AC +1, EV +1)


Message History

You closely miss the megabat. Your grab misses the megabat.
You squeeze the megabat.
The megabat is severely wounded.
The megabat misses you. x2
Autopickup is now on.
You hit the megabat.
You kill the megabat!
Sif Muna accepts your kill.
The shadow strikes at you from the darkness!
The shadow slips into darkness.
The shadow flickers and vanishes!
Deactivating autopickup; reactivate with Ctrl-A.
The shadow strikes at you from the darkness!
Reactivating autopickup.
The shadow slips into darkness.
The shadow flickers and vanishes!
Deactivating autopickup; reactivate with Ctrl-A.
The shadow strikes at you from the darkness!
You die...

## ###
.##########.#########
................@<..#
....#######>######..#
......#####.# #...##
.####....##.# ##..##
†8# ####..#.###....#
†## ##.....#..#.# †#
#####....#.# †#
#..#.#.# ..# #....#.#


There were no monsters in sight!

Vanquished Creatures
  Joseph (D:7)
  Sigmund (D:6)
  4 wraiths
  8 fire bats (D:8)
  3 phantoms
  An orc warrior (D:8)
  An ice beast (D:7)
  3 sky beasts
  A necrophage (D:6)
  2 ogres
  A centaur (D:7)
  2 bullfrogs
  A scorpion (D:4)
  4 killer bees (D:8)
  5 howler monkeys
  A centaur zombie (D:6)
  3 crimson imps
  A jelly (D:7)
  5 hounds
  4 orc priests
  A bullfrog skeleton (D:8)
  4 orc wizards
  2 worker ants (D:4)
  A hound zombie (D:6)
  A hound skeleton (D:5)
  A howler monkey zombie (D:7)
  A worker ant zombie (D:7)
  7 adders
  A shadow imp (D:4)
  An ooze (D:3)
  2 adder skeletons
  A worm (D:4)
  3 dart slugs
  6 leopard geckos
  11 orcs
  6 giant cockroaches
  8 goblins
  3 hobgoblins (D:2)
  4 jackals (D:4)
  10 kobolds
  2 quokkas
  56 bats
  6 frilled lizards
  A jackal skeleton (D:4)
  A jackal zombie (D:5)
  A leopard gecko skeleton (D:7)
  A leopard gecko zombie (D:8)
  10 rats
204 creatures vanquished.

Notes
Turn   | Place    | Note
-------+----------+-------------------------------------------
     0 | D:1      | DildoBatman the Octopode Wizard began the quest for the Orb.
     0 | D:1      | Reached XP level 1. HP: 11/11 MP: 4/4
   149 | D:1      | Reached XP level 2. HP: 17/17 MP: 0/6
   371 | D:1      | Reached XP level 3. HP: 7/21 MP: 0/7
   505 | D:1      | Learned a level 2 spell: Slow
   509 | D:1      | Learned a level 3 spell: Mephitic Cloud
   512 | D:1      | Learned a level 2 spell: Blink
   746 | D:2      | Reached XP level 4. HP: 27/27 MP: 4/8
  1262 | D:3      | Reached skill level 3 in Stealth
  1288 | D:2      | Reached skill level 1 in Fighting
  1288 | D:2      | Reached skill level 1 in Air Magic
  1288 | D:2      | Reached skill level 1 in Poison Magic
  1288 | D:2      | Reached XP level 5. HP: 22/33 MP: 0/9
  1738 | D:3      | Reached skill level 4 in Stealth
  2126 | D:3      | Reached XP level 6. HP: 38/39 MP: 3/10
  2519 | D:4      | Reached skill level 5 in Stealth
  2594 | D:4      | Noticed a phantom
  3366 | D:5      | Entered Level 5 of the Dungeon
  3585 | D:5      | Noticed a sky beast
  3888 | D:4      | Reached skill level 6 in Stealth
  3896 | D:4      | Reached XP level 7. HP: 44/45 MP: 1/11
  4019 | D:4      | Reached skill level 7 in Stealth
  4326 | D:5      | Reached skill level 1 in Short Blades
  4425 | D:4      | Found a snail-covered altar of Cheibriados.
  4942 | D:6      | Found a staircase to the Ecumenical Temple.
  4942 | D:6      | Noticed Menkaure
  5035 | Temple   | Entered the Ecumenical Temple
  5227 | Temple   | Became a worshipper of Sif Muna the Loreminder
  5477 | D:6      | Reached XP level 8. HP: 33/52 MP: 9/12
  5546 | D:6      | Noticed Sigmund
  5562 | D:6      | Killed Sigmund
  5562 | D:6      | Reached skill level 1 in Hexes
  6811 | D:7      | Noticed Joseph
  7146 | D:7      | Killed Joseph
  7146 | D:7      | Reached * piety under Sif Muna
  7394 | D:7      | Reached XP level 9. HP: 45/58 MP: 4/15
  7516 | D:7      | Found an ornate altar of the Wu Jian Council.
  7516 | D:7      | Found a bloodstained altar of Trog.
  7922 | D:8      | Reached skill level 1 in Evocations
  8026 | D:8      | Found a hazy altar of Hepliaklqana.
  9246 | D:4      | Found an iron altar of Okawaru.
  9251 | D:4      | Found a sparkling altar of Nemelex Xobeh.
  9682 | D:8      | Reached skill level 8 in Stealth
  9709 | D:8      | Reached skill level 5 in Fighting
  9709 | D:8      | Reached skill level 5 in Dodging
  9755 | D:7      | Reached skill level 5 in Spellcasting
  9755 | D:7      | Reached XP level 10. HP: 46/66 MP: 0/17
 10442 | D:6      | Reached skill level 9 in Stealth
 10789 | D:8      | Reached ** piety under Sif Muna
 11075 | D:8      | Reached skill level 5 in Evocations
 11099 | D:8      | Reached skill level 10 in Stealth
 11215 | D:8      | Mangled by a shadow

Skill      XL: |  1  2  3  4  5  6  7  8  9 10 |
---------------+-------------------------------+-----
Conjurations   | 2 3 4 |  4.0
Stealth        | 3 4 6 7 8 10 | 10.0
Fighting       | 1 2 3 4 5 |  5.0
Air Magic      | 1 2 4 |  4.0
Poison Magic   | 1 2 3 4 |  4.2
Short Blades   | 1 2 3 |  3.0
Dodging        | 3 5 |  5.0
Hexes          | 3 4 |  4.4
Spellcasting   | 4 5 |  5.0
Evocations     | 3 5 |  5.2
Summonings     | |  1.0
Translocations | |  1.1

Action                   |  1- 3 |  4- 6 |  7- 9 | 10-12 || total
-------------------------+-------+-------+-------+-------++-------
Melee: Unarmed           |    33 |    28 |       |       ||    61
       Constrict         |    11 |    26 |    29 |    12 ||    78
       Tentacles         |     5 |    12 |    28 |     9 ||    54
       Dagger            |       |    60 |   131 |       ||   191
       Short sword       |       |       |    60 |    58 ||   118
 Cast: Magic Dart        |    56 |   104 |   285 |    99 ||   544
       Mephitic Cloud    |       |    16 |    30 |     7 ||    53
       Slow              |       |       |    11 |    21 ||    32
Invok: Divine Energy     |       |       |     1 |       ||     1
Evoke: Wand              |       |       |     3 |    17 ||    20
  Use: Scroll            |       |       |     6 |       ||     6
 Stab: Sleeping          |     2 |       |     1 |       ||     3
       Confused          |       |     4 |    13 |     2 ||    19
  Eat: Chunk             |       |    10 |    10 |     5 ||    25
       Ration            |       |       |     3 |       ||     3
Armor: Skin              |     6 |     3 |    14 |    12 ||    35
Dodge: Dodged            |    23 |    50 |   150 |    80 ||   303
